 Dungeon Crawl Stone Soup version 0.29.1-15-g9cfb28693d (webtiles) character file.

Game seed: 114621342289464101

70 Heoruswealwe the Magician (level 4, -8/22 (24) HPs)
             Began as a Deep Elf Earth Elementalist on Apr 24, 2023.
             Killed by a bolt of negative energy (21 damage)
             ... invoked by the anger of Yredelemnul
             ... on level 2 of the Dungeon.
             The game lasted 00:08:33 (1018 turns).

Heoruswealwe the Magician (DEEE)                    Turns: 1018, Time: 00:08:36

HP:   -8/22 (24)    AC:  3    Str:  5    XL:     4   Next: 4%
MP:   8/12          EV: 12    Int: 22    God:
Gold: 111           SH:  5    Dex: 15    Spells: 6/12 levels left

rFire   . . .      SeeInvis .   (no weapon)
rCold   . . .      Faith    .   (no shield)
rNeg    . . .      Spirit   .   g - +0 robe
rPois   .          Reflect  +   (no helmet)
rElec   .          Harm     .   i - +0 cloak
rCorr   .          Rampage  .   (no gloves)
Will    .....                   (no boots)
Stlth   ++........              n - amulet of reflection
HPRegen 0.07/turn               (no ring)
MPRegen 0.13/turn               (no ring)

@: drained
A: no striking features
a: no special abilities


You were on level 2 of the Dungeon.
You visited 1 branch of the dungeon, and saw 2 of its levels.

You collected 111 gold pieces.

Inventory:

Armour
 a - a +0 robe
 g - a +0 robe (worn)
 h - a +0 robe
 i - a +0 cloak (worn)
 k - a +0 robe
Jewellery
 n - an amulet of reflection (around neck)
Scrolls
 b - a scroll of noise {unknown}
 d - a scroll of enchant weapon {unknown}
 j - a scroll of brand weapon {unknown}
 l - a scroll of amnesia {unknown}
 o - a scroll of teleportation {unknown}
Potions
 c - 2 potions of heal wounds {unknown}
 e - a potion of attraction {unknown}
 f - a potion of cancellation {unknown}
 m - a potion of lignification {unknown}


   Skills:
 - Level 2.4 Dodging
 - Level 2.4 Stealth
 + Level 4.7 Spellcasting
 - Level 1.1 Transmutations
 + Level 4.4 Earth Magic


You had 6 spell levels left.
You knew the following spells:

 Your Spells              Type           Power      Damage    Failure   Level
a - Sandblast             Erth           48%        2d12      1%          1
b - Stone Arrow           Conj/Erth      30%        3d8       12%         3
z - Passwall              Tmut/Erth      14%        N/A       4%          2

Your spell library contained the following spells:

 Spells                   Type           Power      Damage    Failure   Level
 Sting                    Tmut/Pois      28%        1d4       9%          1
 Magic Dart               Conj           20%        1d4       11%         1
 Call Imp                 Summ           5%         N/A       16%         2
 Mephitic Cloud           Conj/Pois/Air  5%         N/A       30%         3
 Petrify                  Tmut/Erth      17%        N/A       32%         4


Dungeon Overview and Level Annotations

Branches:
Dungeon (2/15)

Altars:
Yredelemnul


Message History

Press: ? - help, Shift-Dir - straight line, f/p - hobgoblin
Aim: a hobgoblin (83% to hit)
The blast of sand hits the hobgoblin!
You kill the hobgoblin!
A bat comes into view.
The bat moves out of view.
You have reached level 4!
You feel clever.
Casting: Sandblast (safe; 1% risk of failure)
Confirm with . or Enter, or press ? or * to list all spells.
You can't see any susceptible monsters within range! (Use Z to cast anyway.) Unknown command.
Casting: Sandblast (safe; 1% risk of failure)
Confirm with . or Enter, or press ? or * to list all spells.
Aiming: Sandblast (safe; 1% risk of failure)
Press: ? - help, Shift-Dir - straight line, f - endoplasm
Aim: an endoplasm (98% to hit)
The blast of sand hits the endoplasm!
You kill the endoplasm!
This spell is astonishingly dangerous to cast!
Memorise Petrify, consuming 4 spell levels and leaving 2?
You start memorising the spell.
You continue memorising.
Your magical contamination has completely faded away.
You continue memorising. x2
The bat hits you but does no damage.
Your memorisation is interrupted.
Casting: Sandblast (safe; 1% risk of failure)
Confirm with . or Enter, or press ? or * to list all spells.
Aiming: Sandblast (safe; 1% risk of failure)
Press: ? - help, Shift-Dir - straight line, f - bat
Aim: a bat (74% to hit)
The blast of sand hits the bat!
You kill the bat!
This spell is astonishingly dangerous to cast!
Memorise Petrify, consuming 4 spell levels and leaving 2?
You start memorising the spell.
You continue memorising. x3
Yredelemnul's anger turns toward you for a moment.
Your memorisation is interrupted.
The bolt of negative energy hits you!!
You feel drained.
Ouch! That really hurt!
You die...

# #.# #...### # #.#
#...... #
#.########...#####. #
###.##........†......
#
#....................
#
#.#.##...............
#
#.#.########...#####.
# #.[.# #.........
####..### #.@.######
........# #...#
#..#..#.# #.†.#
......#.# #.†)#
......#.# ##...
...####.# #..##
##......# #..#
######### ....


You could see the anger of Yredelemnul (unaware).

Vanquished Creatures
  3 gnolls (D:2)
  An adder (D:2)
  2 dart slugs (D:1)
  2 ball pythons (D:1)
  4 endoplasms
  A giant cockroach (D:1)
  A goblin (D:1)
  3 hobgoblins
  2 kobolds
  4 bats
  3 frilled lizards (D:1)
  3 rats
29 creatures vanquished.

Vanquished Creatures (others)
  3 fungi (D:1)
  2 plants (D:1)
5 creatures vanquished.

Grand Total: 34 creatures vanquished

Notes
Turn   | Place    | Note
-------+----------+-------------------------------------------
     0 | D:1      | Heoruswealwe the Deep Elf Earth Elementalist began the
                  | quest for the Orb.
     0 | D:1      | Reached XP level 1. HP: 10/10 MP: 6/6
   303 | D:1      | Reached XP level 2. HP: 15/15 MP: 3/8
   306 | D:1      | Learned a level 2 spell: Passwall
   636 | D:1      | Found a faded altar of an unknown god.
   643 | D:1      | Got Plato's Enchiridion on Forms
   646 | D:1      | Prayed at the altar of an unknown god.
   646 | D:1      | Became a worshipper of Yredelemnul the Dark
   646 | D:1      | Reached * piety under Yredelemnul
   647 | D:1      | Fell from the grace of Yredelemnul
   853 | D:2      | Reached XP level 3. HP: 19/19 MP: 3/10
   907 | D:2      | Learned a level 3 spell: Stone Arrow
  1008 | D:2      | Reached XP level 4. HP: 12/24 MP: 8/12
  1018 | D:2      | Killed by a bolt of negative energy

Illustrated notes

Levels and vault maps discovered:
D:1:      lightli_arrival_quake, layout_basic,
          shapermc_ecumenical_altar_rom_forum,
          nicolae_concentric_dashed_squares_mild
D:2:      layout_loops_cross, basic_altar

Skill      XL: |  1  2 |
---------------+-------+-----
Spellcasting   | 4 |  4.7
Earth Magic    | 4 |  4.4
Dodging        | |  2.4
Stealth        | |  2.4
Transmutations | |  1.1

Action                   |  1- 3 |  4- 6 || total
-------------------------+-------+-------++-------
Melee: Unarmed           |    23 |       ||    23
 Cast: Sandblast         |    39 |     2 ||    41
       Passwall          |     1 |       ||     1
Invok: Renounce Religion |     1 |       ||     1
  Use: Potion            |     1 |       ||     1
Armor: Robe              |    11 |     1 ||    12
Dodge: Dodged            |    35 |       ||    35
Block: Other             |     7 |       ||     7
